BSA
CHICAGO MACHINE @ ST CHARLES SHEENS
04/23/2028
 
TOP OF THE 1ST
Chicago Machine batting - Pitching for St Charles Sheens : LHP Paul Adams
Pitching: LHP Paul Adams
Batting: SHB Lee Townsend 0-0: Foul Ball, location: 2F
0-1: Ball
1-1: Ground out 5-3 (Groundball, 56)
Batting: SHB Edward Bartlett 0-0: Ball
1-0: Ball
2-0: Called Strike
2-1: Ball
3-1: Base on Balls
Batting: RHB Doug Stephens 0-0: Fly out, F9 (Flyball, 9)
Batting: SHB José Alomar 0-0: Ball
1-0: Ball
2-0: Foul Ball, location: 2F
2-1: Called Strike
2-2: Foul Ball, location: 2F
2-2: SINGLE (Groundball, 56D)
Edward Bartlett to second
Batting: RHB Lorenzo Guzmán 0-0: Foul Ball, location: 2F
0-1: Ball
1-1: Ball
2-1: Foul Ball, location: 2F
2-2: SINGLE (Line Drive, 34D)
Edward Bartlett to third
José Alomar to second
Batting: RHB Roberto Tobías 0-0: Called Strike
0-1: Ball
1-1: Ball
2-1: SINGLE (Line Drive, 89S)
Edward Bartlett scores
José Alomar to third
Lorenzo Guzmán to second
Runner from 3rd tries for Home, SAFE, no throw
Batting: LHB Bernardo Montés 0-0: 3-RUN HOME RUN (Flyball, 9D), Distance : 404 ft
Batting: SHB Joaquín López 0-0: Ball
1-0: Swinging Strike
1-1: Ball
2-1: Foul Ball, location: 2F
2-2: Strikes out looking
Top of the 1st over - 5 run(s), 4 hit(s), 0 error(s), 0 left on base; Chicago 5 - St Charles 0
BOTTOM OF THE 1ST
St Charles Sheens batting - Pitching for Chicago Machine : RHP Aaron Thrash
Pitching: RHP Aaron Thrash
Batting: LHB Marcos Cantú 0-0: Ground out 1-3 (Groundball, 13S)
Batting: RHB Miguel Palácios 0-0: Fly out, F2 (Popup, 34S)
Batting: LHB Stan Bates 0-0: Ball
1-0: Called Strike
1-1: Called Strike
1-2: Foul Ball, location: 2F
1-2: Ball
2-2: Foul Ball, location: 2F
2-2: Ground out 6-3 (Groundball, 6)
Bottom of the 1st over - 0 run(s), 0 hit(s), 0 error(s), 0 left on base; Chicago 5 - St Charles 0
TOP OF THE 2ND
Chicago Machine batting - Pitching for St Charles Sheens : LHP Paul Adams
Batting: SHB Jesús Ramírez 0-0: Ball
1-0: Swinging Strike
1-1: Foul Ball, location: 2F
1-2: Foul Ball, location: 2F
1-2: Strikes out swinging
Batting: SHB Lee Townsend 0-0: Swinging Strike
0-1: Foul Ball, location: 2F
0-2: Ground out 1-3 (Groundball, 13S)
Batting: SHB Edward Bartlett 0-0: Ball
1-0: Ball
2-0: Called Strike
2-1: Ball
3-1: Base on Balls
Batting: RHB Doug Stephens 0-0: Called Strike
0-1: Ball
1-1: Ball
2-1: Ball
3-1: Base on Balls
Edward Bartlett to second
Batting: SHB José Alomar 0-0: Ball
1-0: Called Strike
1-1: Ball
2-1: Called Strike
2-2: Fielders Choice at 2nd, 6-4 (Groundball, 6)
Top of the 2nd over - 0 run(s), 0 hit(s), 0 error(s), 1 left on base; Chicago 5 - St Charles 0
BOTTOM OF THE 2ND
St Charles Sheens batting - Pitching for Chicago Machine : RHP Aaron Thrash
Batting: RHB Max Rash 0-0: Fly out, F7 (Flyball, 78M)
Batting: LHB Juan Jose Rojas 0-0: Swinging Strike
0-1: Ball
1-1: Foul Ball, location: 2F
1-2: Ball
2-2: Ground out 5-3 (Groundball, 5L)
Batting: LHB Kyle Harrison 0-0: Foul Ball, location: 2F
0-1: Called Strike
0-2: Strikes out looking
Bottom of the 2nd over - 0 run(s), 0 hit(s), 0 error(s), 0 left on base; Chicago 5 - St Charles 0
TOP OF THE 3RD
Chicago Machine batting - Pitching for St Charles Sheens : LHP Paul Adams
Batting: RHB Lorenzo Guzmán 0-0: Called Strike
0-1: Ball
1-1: Ground out 4-3 (Groundball, 4)
Batting: RHB Roberto Tobías 0-0: Swinging Strike
0-1: Ground out 4-3 (Groundball, 4M)
Batting: LHB Bernardo Montés 0-0: Ball
1-0: Called Strike
1-1: Swinging Strike
1-2: Ball
2-2: Ground out 6-3 (Groundball, 6M)
Top of the 3rd over - 0 run(s), 0 hit(s), 0 error(s), 0 left on base; Chicago 5 - St Charles 0
BOTTOM OF THE 3RD
St Charles Sheens batting - Pitching for Chicago Machine : RHP Aaron Thrash
Batting: RHB Judson Backstrom 0-0: Swinging Strike
0-1: Swinging Strike
0-2: Ground out 6-3 (Groundball, 6)
Batting: RHB Jesús Hernández 0-0: Ball
1-0: Ground out 1-3 (Groundball, 13S)
Batting: LHB Jason Lambert 0-0: Called Strike
0-1: Ball
1-1: DOUBLE (Flyball, 7LD)
Batting: LHB Marcos Cantú 0-0: Ball
1-0: Swinging Strike
1-1: Foul Ball, location: 2F
1-2: Hit by Pitch
Batting: RHB Miguel Palácios 0-0: Ground out 4-3 (Groundball, 4M)
Bottom of the 3rd over - 0 run(s), 1 hit(s), 0 error(s), 2 left on base; Chicago 5 - St Charles 0
TOP OF THE 4TH
Chicago Machine batting - Pitching for St Charles Sheens : LHP Paul Adams
Batting: SHB Joaquín López 0-0: Swinging Strike
0-1: Ball
1-1: Ball
2-1: Foul Ball, location: 2F
2-2: Ball
3-2: SINGLE (Groundball, 4MD)
Batting: SHB Jesús Ramírez 0-0: Ball
1-0: Ball
2-0: Called Strike
2-1: SINGLE (Line Drive, 6MD)
Joaquín López to second
Batting: SHB Lee Townsend 0-0: Ball
1-0: Ball
Passed Ball!
Joaquín López to third
Jesús Ramírez to second
2-0: Ball
3-0: Called Strike
3-1: Called Strike
3-2: Ground out 3-1 (Groundball, 34)
Joaquín López scores
Jesús Ramírez to third
Batting: SHB Edward Bartlett 0-0: Swinging Strike
0-1: Called Strike
0-2: Ground out 5-3 (Groundball, 56)
Jesús Ramírez scores
Pitching: RHP Pedro Santiago
Batting: RHB Doug Stephens 0-0: Ball
1-0: Foul Ball, location: 2F
1-1: Foul Ball, location: 2F
1-2: Ball
2-2: Fly out, F8 (Flyball, 8LS)
Top of the 4th over - 2 run(s), 2 hit(s), 0 error(s), 0 left on base; Chicago 7 - St Charles 0
BOTTOM OF THE 4TH
St Charles Sheens batting - Pitching for Chicago Machine : RHP Aaron Thrash
Batting: LHB Stan Bates 0-0: Ground out 4-3 (Groundball, 4)
Batting: RHB Max Rash 0-0: Ball
1-0: Fly out, F8 (Flyball, 8LM)
Batting: LHB Juan Jose Rojas 0-0: Ball
1-0: Ball
2-0: Foul Ball, location: 2F
2-1: SINGLE (Groundball, 4MD)
Batting: LHB Kyle Harrison 0-0: Fly out, F4 (Popup, 34)
Bottom of the 4th over - 0 run(s), 1 hit(s), 0 error(s), 1 left on base; Chicago 7 - St Charles 0
TOP OF THE 5TH
Chicago Machine batting - Pitching for St Charles Sheens : RHP Pedro Santiago
Batting: SHB José Alomar 0-0: Ground out 4-3 (Groundball, 4D)
Batting: RHB Lorenzo Guzmán 0-0: Called Strike
0-1: Swinging Strike
0-2: Ball
1-2: Ball
2-2: Ball
3-2: Foul Ball, location: 2F
3-2: Strikes out swinging
Batting: RHB Roberto Tobías 0-0: Called Strike
0-1: Ball
1-1: Swinging Strike
1-2: Hit by Pitch
Batting: LHB Bernardo Montés 0-0: Fly out, F7 (Flyball, 7S)
Top of the 5th over - 0 run(s), 0 hit(s), 0 error(s), 1 left on base; Chicago 7 - St Charles 0
BOTTOM OF THE 5TH
St Charles Sheens batting - Pitching for Chicago Machine : RHP Aaron Thrash
Batting: RHB Judson Backstrom 0-0: Fly out, F7 (Line Drive, 78S)
Batting: RHB Jesús Hernández 0-0: Fly out, F7 (Flyball, 78XD)
Batting: LHB Jason Lambert 0-0: Ball
1-0: Ball
2-0: Ball
3-0: Base on Balls
Batting: LHB Marcos Cantú 0-0: Called Strike
0-1: Ground out 6-3 (Groundball, 6MS)
Bottom of the 5th over - 0 run(s), 0 hit(s), 0 error(s), 1 left on base; Chicago 7 - St Charles 0
TOP OF THE 6TH
Chicago Machine batting - Pitching for St Charles Sheens : RHP Pedro Santiago
Batting: SHB Joaquín López 0-0: Called Strike
0-1: Foul Ball, location: 2F
0-2: Foul Ball, location: 2F
0-2: Ground out 1-3 (Groundball, 13)
Batting: SHB Jesús Ramírez 0-0: Called Strike
0-1: Called Strike
0-2: Ground out 4-3 (Groundball, 4)
Batting: SHB Lee Townsend 0-0: Called Strike
0-1: Foul Ball, location: 2F
0-2: Ball
1-2: Ground out 1-3 (Groundball, P)
Top of the 6th over - 0 run(s), 0 hit(s), 0 error(s), 0 left on base; Chicago 7 - St Charles 0
BOTTOM OF THE 6TH
St Charles Sheens batting - Pitching for Chicago Machine : RHP Aaron Thrash
Batting: RHB Miguel Palácios 0-0: Ball
1-0: Called Strike
1-1: SINGLE (Line Drive, 9S)
Batting: LHB Stan Bates 0-0: Called Strike
0-1: Ball
1-1: Ground out 6-3 (Groundball, 6S)
Miguel Palácios to second
Batting: RHB Max Rash 0-0: Called Strike
0-1: Ground out 6-3 (Groundball, 6)
Miguel Palácios to third
Batting: LHB Juan Jose Rojas 0-0: Ball
1-0: Fly out, F9 (Flyball, 89M)
Bottom of the 6th over - 0 run(s), 1 hit(s), 0 error(s), 1 left on base; Chicago 7 - St Charles 0
TOP OF THE 7TH
Chicago Machine batting - Pitching for St Charles Sheens : RHP Pedro Santiago
Batting: SHB Edward Bartlett 0-0: Ground out 4-3 (Groundball, 4M)
Batting: RHB Doug Stephens 0-0: Swinging Strike
0-1: Foul Ball, location: 2F
0-2: Ball
1-2: Ball
2-2: Strikes out swinging
Batting: SHB José Alomar 0-0: Foul Ball, location: 2F
0-1: Fly out, F7 (Flyball, 78S)
Top of the 7th over - 0 run(s), 0 hit(s), 0 error(s), 0 left on base; Chicago 7 - St Charles 0
BOTTOM OF THE 7TH
St Charles Sheens batting - Pitching for Chicago Machine : RHP Aaron Thrash
Batting: LHB Kyle Harrison 0-0: Ball
1-0: Ball
2-0: Foul Ball, location: 2F
2-1: Foul Ball, location: 2F
2-2: SINGLE (Groundball, 34D)
Batting: RHB Judson Backstrom 0-0: Called Strike
0-1: Called Strike
0-2: Ball
1-2: Fly out, F9 (Flyball, 9)
Batting: RHB Jesús Hernández 0-0: Foul Ball, location: 2F
0-1: Ball
1-1: Ball
2-1: SINGLE (Line Drive, 56)
Kyle Harrison to second
Batting: LHB Jason Lambert 0-0: Fly out, F7 (Line Drive, 7)
Batting: LHB Marcos Cantú 0-0: Fly out, F3 (Line Drive, 34)
Bottom of the 7th over - 0 run(s), 2 hit(s), 0 error(s), 2 left on base; Chicago 7 - St Charles 0
TOP OF THE 8TH
Chicago Machine batting - Pitching for St Charles Sheens : RHP Pedro Santiago
Batting: RHB Lorenzo Guzmán 0-0: Foul Ball, location: 2F
0-1: Swinging Strike
0-2: Ball
1-2: Ball
2-2: Foul Ball, location: 2F
2-2: Foul Ball, location: 2F
2-2: Foul Ball, location: 2F
2-2: Ground out 6-3 (Groundball, 6)
Batting: RHB Roberto Tobías 0-0: Ground out 6-3 (Groundball, 56)
Pinch Hitting: LHB Tanyu Imai 0-0: Ball
1-0: Swinging Strike
1-1: Ball
2-1: Foul Ball, location: 2F
2-2: Strikes out looking
Top of the 8th over - 0 run(s), 0 hit(s), 0 error(s), 0 left on base; Chicago 7 - St Charles 0
BOTTOM OF THE 8TH
St Charles Sheens batting - Pitching for Chicago Machine : RHP Aaron Thrash
Now in RF: Tanyu Imai
Batting: RHB Miguel Palácios 0-0: Ball
1-0: Called Strike
1-1: Ball
2-1: Ground out 5-3 (Groundball, 56S)
Batting: LHB Stan Bates 0-0: Ball
1-0: Ball
2-0: Swinging Strike
2-1: Fly out, F8 (Flyball, 89S)
Batting: RHB Max Rash 0-0: Foul Ball, location: 2F
0-1: Ground out 6-3 (Groundball, 6S)
Bottom of the 8th over - 0 run(s), 0 hit(s), 0 error(s), 0 left on base; Chicago 7 - St Charles 0
TOP OF THE 9TH
Chicago Machine batting - Pitching for St Charles Sheens : RHP Pedro Santiago
Batting: SHB Joaquín López 0-0: Called Strike
0-1: Ball
1-1: Ball
2-1: Swinging Strike
2-2: Strikes out swinging
Pitching: RHP Alejandro Longoria
Batting: SHB Jesús Ramírez 0-0: Called Strike
0-1: Fly out, F4 (Line Drive, 34)
Batting: SHB Lee Townsend 0-0: Ball
1-0: Called Strike
1-1: Ball
2-1: Fly out, F7 (Flyball, 78S)
Top of the 9th over - 0 run(s), 0 hit(s), 0 error(s), 0 left on base; Chicago 7 - St Charles 0
BOTTOM OF THE 9TH
St Charles Sheens batting - Pitching for Chicago Machine : RHP Aaron Thrash
Batting: LHB Juan Jose Rojas 0-0: Called Strike
0-1: Ball
1-1: Foul Ball, location: 2F
1-2: Ball
2-2: Foul Ball, location: 2F
2-2: Fly out, F8 (Flyball, 8LD)
Batting: LHB Kyle Harrison 0-0: Ball
1-0: Called Strike
1-1: Foul Ball, location: 2F
1-2: SINGLE (Groundball, 3D)
Batting: RHB Judson Backstrom 0-0: Foul Ball, location: 2F
0-1: Ball
1-1: Ball
2-1: Grounds into double play, 3-6-4 (Groundball, 34)
Bottom of the 9th over - 0 run(s), 1 hit(s), 0 error(s), 0 left on base; Chicago 7 - St Charles 0
Tuesday, August 8th, 2017 - OOTP Baseball 17.12 Build 75